 Dungeon Crawl Stone Soup version 0.18.1-8-gdd0e5ea (webtiles) character file.

49 Raiden350 the Grave Robber (level 3, -11/19 HPs)
             Began as a Deep Elf Necromancer on May 22, 2016.
             Killed by nerve-wracking pain
             ... invoked by Mandevil's ghost
              (13 damage)
             ... on level 3 of the Dungeon.
             The game lasted 00:13:19 (1360 turns).

Raiden350 the Grave Robber (Deep Elf Necromancer)   Turns: 1360, Time: 00:13:20

Health: -11/19     AC:  2    Str:  5    XL:     3   Next: 51%
Magic:  9/10       EV: 13    Int: 20    God:
Gold:   105        SH:  0    Dex: 13    Spells: 3 memorised, 4 levels left

rFire  . . .     SeeInvis .     (no weapon)
rCold  . . .     Gourm    .     a - +0 robe
rNeg   . . .     Faith    .     (no shield)
rPois  .         Spirit   .     (no helmet)
rElec  .         Dismiss  .     (no cloak)
rCorr  .         Reflect  .     (no gloves)
SustAt .         Harm     .     (no boots)
MR     .....                    o - amulet of rage
Stlth  ++........               (no ring)
                                (no ring)

@: not resistant to hostile enchantments, unstealthy
A: blurry vision 1, clumsy 1
a: Evoke Berserk Rage


You were on level 3 of the Dungeon.
You were not hungry.

You visited 1 branch of the dungeon, and saw 3 of its levels.

You collected 105 gold pieces.

Inventory:

Armour
 a - a +0 robe (worn)
Jewellery
 o - an amulet of rage (around neck)
Scrolls
 c - a scroll of remove curse
 l - a scroll of noise
 m - 2 scrolls of identify
Potions
 e - a potion of cancellation
 f - a potion of flight
 j - a potion of might
 p - a potion of berserk rage
Books
 b - a book of Necromancy

   Spells                             Type                      Level
   a - Pain                           Necromancy                   1
   b - Animate Skeleton               Necromancy                   1
   c - Vampiric Draining              Necromancy                   3
   d - Regeneration                   Charms/Necromancy            3
   e - Animate Dead                   Necromancy                   4
   f - Control Undead                 Necromancy                   4
Comestibles
 d - a beef jerky
 g - a slice of pizza
 i - a chunk of flesh


   Skills:
 * Level 2.6 Dodging
 * Level 3.1 Stealth
 * Level 3.8 Spellcasting
 + Level 5.6 Necromancy


You had 4 spell levels left.
You knew the following spells:

 Your Spells              Type           Power        Failure   Level  Hunger
a - Pain                  Necr           ####         1%          1    None
b - Animate Skeleton      Necr           N/A          1%          1    None
c - Vampiric Draining     Necr           ####......   4%          3    ###....


Dungeon Overview and Level Annotations

Branches:
Dungeon (3/15)

Altars:
Cheibriados
Nemelex Xobeh

Annotations:
D:3 Mandevil's ghost, amateur HENe


Innate Abilities, Weirdness & Mutations

Scrolls take you a little longer to read.
You are clumsy. (Dex -2)


Message History

Casting: Pain
Confirm with . or Enter, or press ? or * to list all spells.
You can't see any susceptible monsters within range! (Use Z to cast anyway.)
Casting: Pain
Confirm with . or Enter, or press ? or * to list all spells.
You can't see any susceptible monsters within range! (Use Z to cast anyway.)
Casting: Pain
Confirm with . or Enter, or press ? or * to list all spells.
Aiming: Pain
Press: ? - help, Shift-Dir - straight line, f - Mandevil's ghost
Aim: Mandevil's ghost, wielding a vampiric weapon (not susceptible) Mandevil's ghost is unaffected.
You feel less exhausted.
Mandevil's ghost gestures at you while chanting.
Pain shoots through your body!
* * * LOW HITPOINT WARNING * * *
Mandevil's ghost gestures at you while chanting.
Pain shoots through your body!
Ouch! That really hurt!
You die...

.. ...#......... ......
........#.. ..#... .........
...... ###.......####.....
....$... ......
##...#.####.#.#
#....#...##@..# #......###..#
.......##..###..###### #
..W.... #..>.......... >
.....). ##.###W..##### .#
....... #...#....### ###.#
.......#####(...#...######...#
................###........#
.......#.#####.............#


You could see Mandevil's ghost.

Vanquished Creatures
  An adder (D:2)
  An ooze (D:3)
  A dart slug (D:1)
  2 giant geckos
  6 bats
  2 giant cockroaches
  3 hobgoblins
  3 giant newts
  2 goblins
  3 kobolds
  8 rats
32 creatures vanquished.

Vanquished Creatures (collateral kills)
  A giant cockroach (D:1)
  A rat (D:1)
2 creatures vanquished.

Grand Total: 34 creatures vanquished

Notes
Turn   | Place    | Note
--------------------------------------------------------------
     0 | D:1      | Raiden350 the Deep Elf Necromancer began the quest for the Orb.
     0 | D:1      | Reached XP level 1. HP: 10/10 MP: 6/6
    15 | D:1      | Learned a level 1 spell: Animate Skeleton
    26 | D:1      | Reached skill level 5 in Necromancy
   128 | D:1      | Reached XP level 2. HP: 8/15 MP: 5/8
  1015 | D:2      | Found a sparkling altar of Nemelex Xobeh.
  1016 | D:2      | Found a snail-covered altar of Cheibriados.
  1082 | D:2      | Reached XP level 3. HP: 17/19 MP: 6/9
  1135 | D:2      | Learned a level 3 spell: Vampiric Draining
  1289 | D:2      | Gained mutation: Scrolls take you a little longer to read. [potion of mutation]
  1289 | D:2      | Gained mutation: You are clumsy. (Dex -2) [potion of mutation]
  1342 | D:3      | Noticed Mandevil's ghost (amateur HENe)
  1360 | D:3      | Killed from afar by Mandevil's ghost

Skill      XL: |  1  2  3 |
---------------+----------+-----
Necromancy     | 5 |  5.6
Stealth        | 3 |  3.1
Dodging        | |  2.6
Spellcasting   | |  3.8

Action                   || total
-------------------------++-------
Melee: Unarmed           ||    14
 Cast: Pain              ||    45
       Animate Skeleton  ||    11
       Vampiric Draining ||     1
  Use: Potion            ||     4
       Scroll            ||     6
 Stab: Sleeping          ||     2
  Eat: Bread ration      ||     1
Armor: Robe              ||     5
Dodge: Dodged            ||    16
